 Dungeon Crawl Stone Soup version 0.19.1 (webtiles) character file.

100 CanadianGator the Skirmisher (level 4, -12/41 HPs)
             Began as a Hill Orc Wanderer on Dec 2, 2016.
             Mangled by an ogre
             ... wielding a +0 giant club
              (16 damage)
             ... on level 3 of the Dungeon.
             The game lasted 00:03:24 (1784 turns).

CanadianGator the Skirmisher (Hill Orc Wanderer)    Turns: 1784, Time: 00:03:25

Health: -12/41     AC: 10    Str: 16    XL:     4   Next: 74%
Magic:  0/5        EV:  9    Int: 11    God:
Gold:   138        SH:  0    Dex: 10    Spells: 0 memorised, 3 levels left

rFire  . . .     SeeInvis .     b - +0 hand axe
rCold  + . .     Gourm    .     a - +2 scale mail
rNeg   . . .     Faith    .     (no shield)
rPois  .         Spirit   +     (no helmet)
rElec  .         Reflect  .     (no cloak)
rCorr  .         Harm     .     k - +0 pair of gloves
MR     .....                    (no boots)
Stlth  ..........               o - amulet of guardian spirit
                                (no ring)
                                j - ring of protection from cold

@: no status effects
A: no striking features
a: no special abilities


You were on level 3 of the Dungeon.
You were not hungry.

You visited 1 branch of the dungeon, and saw 3 of its levels.

You collected 138 gold pieces.

Inventory:

Hand Weapons
 b - a +0 hand axe (weapon)
Armour
 a - a +2 scale mail (worn)
 k - a +0 pair of gloves (worn)
Jewellery
 j - a ring of protection from cold (left hand)
 o - an amulet of guardian spirit (around neck)
Scrolls
 e - a scroll of identify {unknown}
 f - a scroll of enchant armour {unknown}
 g - 2 scrolls of teleportation {unknown}
 h - a scroll of fog {unknown}
 l - a scroll of noise {unknown}
 r - a scroll of fear {unknown}
Potions
 i - a potion of flight {unknown}
 m - 2 potions of curing {unknown}
 n - 2 potions of brilliance {unknown}
 p - a potion of agility {unknown}
 q - a potion of magic {unknown}


   Skills:
 + Level 4.6 Fighting
 + Level 2.5(3.6) Axes
   Level 2.9(3.3) Maces & Flails
   Level 1.1(1.7) Polearms
 + Level 3.2 Armour
   Level 2.0 Evocations


You had 3 spell levels left.
You didn't know any spells.

Dungeon Overview and Level Annotations

Branches:
Dungeon (3/15)

Altars:


Message History

You hit the orc. The ogre hits you with a giant club! The orc hits you.
You hit the orc.
You kill the orc!
You hit the ogre but do no damage. The ogre hits you with a giant club.
You hit the ogre.
The ogre is moderately wounded.
The ogre hits you with a giant club!
* * * LOW HITPOINT WARNING * * *
You are too injured to fight recklessly!
You are too injured to fight recklessly!
You are too injured to fight recklessly!
You hit the ogre.
The ogre is heavily wounded.
You hit the ogre.
The ogre is severely wounded.
The ogre misses you.
You hit the ogre.
The ogre is almost dead.
The ogre hits you with a giant club!
You die...

..##'######. ..#...#
#......... #.#...#
#......... #.#...#
+.........
#.....#######
#.........
............#
#.........
##.......##.###.......
..........#.##..†..#
###.>........+..@O.#
####......#.##.....#
...#......#'##.....#
...#####.....###'###
...#####.....###.#
.......#.....'...#
######.#.....#####
.....#.#.....#
.###.#.#.....########


You could see an ogre.

Vanquished Creatures
  5 adders (D:2)
  A dart slug (D:2)
  4 leopard geckos
  An orc (D:3)
  4 giant cockroaches
  7 goblins
  8 hobgoblins
  4 bats
  5 frilled lizards
  4 kobolds
  7 rats
50 creatures vanquished.

Notes
Turn   | Place    | Note
-------+----------+-------------------------------------------
     0 | D:1      | CanadianGator the Hill Orc Wanderer began the quest for the Orb.
     0 | D:1      | CanadianGator set off with: a +2 scale mail, a +0 hand axe, a +0 mace, a bread ration
     0 | D:1      | Reached XP level 1. HP: 19/19 MP: 2/2
     5 | D:1      | Noticed an electric eel
     5 | D:1      | Noticed an electric eel
   122 | D:1      | Reached skill level 4 in Fighting
   123 | D:1      | Reached XP level 2. HP: 22/27 MP: 3/3
   211 | D:1      | Reached skill level 1 in Axes
   428 | D:2      | Reached XP level 3. HP: 27/33 MP: 4/4
   829 | D:2      | Reached XP level 4. HP: 29/41 MP: 5/5
  1773 | D:3      | Noticed an ogre
  1784 | D:3      | Mangled by an ogre

Skill      XL: |  1  2  3  4 |
---------------+-------------+-----
Fighting       | 4 |  4.6
Axes           | 1 2 |  2.5
Armour         | 3 |  3.2
Maces & Flails | |  2.9
Polearms       | |  1.1
Evocations     | |  2.0

Action                   |  1- 3 |  4- 6 || total
-------------------------+-------+-------++-------
Melee: Hand axe          |   112 |    84 ||   196
  Eat: Bread ration      |       |     1 ||     1
Armor: Scale mail        |    73 |    53 ||   126
Dodge: Dodged            |    63 |    36 ||    99
